 Dungeon Crawl Stone Soup version 0.27.1-34-g3ba077fa99 (webtiles) character file.

Game seed: 11201190978683964855

385 zeram the Poker (level 6, 0/43 HPs)
             Began as an Octopode Fighter on Jan 19, 2022.
             Was an Initiate of Gozag.
             Slain by a gnoll shaman (11 damage)
             ... in the Ecumenical Temple.
             The game lasted 00:04:40 (4045 turns).

zeram the Poker (Octopode Fighter)                  Turns: 4045, Time: 00:04:40

Health: 0/43       AC:  1    Str: 15    XL:     6   Next: 77%
Magic:  6/6        EV: 12    Int: 13    God:    Gozag
Gold:   117        SH: 10    Dex: 11    Spells: 5/5 levels left

rFire    . . .     SeeInvis .   a - +0 trident
rCold    . . .     Faith    .   b - +1 kite shield
rNeg     . . .     Spirit   .   (helmet restricted)
rPois    .         Reflect  .   (no amulet)
rElec    .         Harm     .   (no ring)
rCorr    .         Rampage  .   (no ring)
Will     .....                  (no ring)
Stlth    ++........             (no ring)
HPRegen  0.14/turn              (no ring)
MPRegen  0.10/turn              (no ring)
                                (no ring)
                                (no ring)

@: mighty
A: almost no armour, amphibious, 8 rings, camouflage 1, gelatinous body 1,
(nimble swimmer 1), tentacles
a: Renounce Religion, Potion Petition, Call Merchant, Bribe Branch


You were in the Ecumenical Temple.
You worshipped Gozag.
Gozag was aware of your devotion.
You visited 2 branches of the dungeon, and saw 6 of its levels.

You collected 160 gold pieces.
You paid 43 gold pieces to Gozag.

Inventory:

Hand Weapons
 a - a +0 trident (weapon)
Armour
 b - a +1 kite shield (worn)
Jewellery
 g - a ring of wizardry
Scrolls
 f - a scroll of vulnerability
 i - 3 scrolls of amnesia
Potions
 c - a potion of might
 e - a potion of flight
 k - a potion of brilliance {unknown}
 l - a potion of haste {unknown}
 m - 2 potions of lignification {unknown}


   Skills:
 + Level 4.1 Fighting
 + Level 4.8 Polearms
 + Level 4.3 Dodging
 + Level 3.9 Shields


You had 5 spell levels left.
You didn't know any spells.
Your spell library contained the following spells:

 Spells                   Type           Power      Damage    Failure   Level
 Corpse Rot               Necr/Air       N/A        N/A       88%         2
 Poisonous Vapours        Pois/Air       0%         N/A       88%         2
 Freezing Cloud           Conj/Ice/Air   0%         6-21      100%        5


Dungeon Overview and Level Annotations

Branches:
Dungeon (5/15)             Temple (1/1) D:5

Altars:
Ashenzari
Cheibriados
Dithmenos
Elyvilon
Fedhas
Gozag
Hepliaklqana
Kikubaaqudgha
Makhleb
Nemelex Xobeh
Okawaru
Qazlal
Ru
Sif Muna
Trog
Uskayaw
Wu Jian
Xom
Yredelemnul
Zin
The Shining One

Annotations:
D:5 1 runed translucent door, cbfl8's ghost, weakling MiDe


Innate Abilities, Weirdness & Mutations

You cannot wear most types of armour.
You are amphibious.
You can wear up to eight rings at the same time.
Your skin changes colour to match your surroundings (Stealth+).
Your rubbery body absorbs attacks. (AC +1, EV +1)
((You are camouflaged near water. (Stealth+)))
You have tentacles for arms and can constrict up to eight enemies at once.


Message History

The iguana hisses angrily.
There is a staircase to the Ecumenical Temple here.
You hit the gnoll shaman. Your grab misses the gnoll shaman.
The gnoll shaman is moderately wounded.
You block the gnoll's attack. The gnoll shaman closely misses you.
Your shield prevents you from hitting the gnoll shaman.
You grab the gnoll shaman.
The gnoll shaman is moderately wounded.
You constrict the gnoll shaman. The gnoll hits you with a +0 club!
The gnoll shaman hits you with a +0 whip.
You hit the gnoll shaman but do no damage.
The gnoll shaman is moderately wounded.
You constrict the gnoll shaman. The gnoll hits you with a +0 club.
The gnoll shaman completely misses you. The gnoll hits you with a +0 club.
The gnoll shaman mumbles some strange prayers to its god.
The gnoll shaman is healed somewhat.
You completely miss the gnoll shaman. You squeeze the gnoll shaman.
The gnoll shaman is severely wounded.
You constrict the gnoll shaman.
The orc wizard hits you with a +0 dagger.
The gnoll hits you with a +0 club.
The gnoll shaman utters an invocation to its god.
The gnoll shaman is healed somewhat.
The iguana barely misses you. You block the orc wizard's attack.
You can't go up here!
Unknown command.
You can't go up here!
You release your grip on the gnoll shaman.
The gnoll hits you with a +0 club.
* * * LOW HITPOINT WARNING * * *
The gnoll shaman calls upon its god to speed up the gnoll.
The gnoll seems to speed up.
You block the iguana's attack. You block the orc wizard's attack.
You climb downwards.
Welcome back to the Ecumenical Temple!
There is a staircase back to the Dungeon here.
You feel very mighty all of a sudden. You block the gnoll's attack.
The gnoll shaman hits you with a +0 whip!
You die...
Your body crumbles into a pile of gold.

≈≈≈≈≈≈≈≈.................≈≈≈≈≈≈≈≈
≈≈≈≈≈≈.8.................8.≈≈≈≈≈≈
≈≈≈≈≈.......................≈≈≈≈≈
≈≈≈≈..........._..._.........≈≈≈≈
≈≈≈........_..................≈≈≈
≈≈....................._.......≈≈
≈≈8...........................8≈≈
≈......_.......gogl.............≈
≈.............##@##.............≈
............#########....._......
...........## ##...........
....._....## ##..........
..........# #..........
.........## ##...._....
.........## ##.........
..._.._.._# #_.........
.........## ##.........


You could see a gnoll shaman, an iguana, an orc wizard and a gnoll.

Vanquished Creatures
  A black bear (D:4)
  A water moccasin skeleton (D:5)
  A bullfrog zombie (D:4)
  A hound (D:5)
  2 orc priests (D:5)
  Natasha (D:2)
  3 gnolls (Temple)
  3 adders
  3 worms
  2 dart slugs (D:3)
  3 orcs (D:3)
  4 endoplasms
  3 goblins (D:3)
  A hobgoblin (D:1)
  2 ball pythons
  4 bats
  4 frilled lizards
  A kobold (D:2)
  2 rats
42 creatures vanquished.

Notes
Turn   | Place    | Note
-------+----------+-------------------------------------------
     0 | D:1      | zeram the Octopode Fighter began the quest for the Orb.
     0 | D:1      | Reached XP level 1. HP: 16/16 MP: 1/1
    86 | D:1      | Found a faded altar of an unknown god.
   122 | D:1      | You fall into a shaft and drop 1 floor!
   216 | D:2      | Reached XP level 2. HP: 17/21 MP: 2/2
   787 | D:2      | Reached XP level 3. HP: 13/26 MP: 3/3
   973 | D:2      | Noticed Natasha
   977 | D:2      | Killed Natasha
  1116 | D:3      | Reached XP level 4. HP: 29/31 MP: 4/4
  2628 | D:5      | Entered Level 5 of the Dungeon
  2628 | D:5      | Noticed a black bear
  2628 | D:5      | Found a runed translucent door.
  2631 | D:5      | Noticed cbfl8's ghost (weakling MiDe)
  2635 | D:4      | Killed a black bear
  2636 | D:4      | Reached XP level 5. HP: 32/37 MP: 5/5
  2682 | D:5      | Reached XP level 6. HP: 43/43 MP: 6/6
  2708 | D:5      | Found a staircase to the Ecumenical Temple.
  2916 | D:5      | HP: 2/43 [gnoll (6)]
  2950 | Temple   | Entered the Ecumenical Temple
  3889 | Temple   | Became a worshipper of Gozag Ym Sagoz the Greedy
  4045 | Temple   | Slain by a gnoll shaman

Illustrated notes

Levels and vault maps discovered:
D:1:      evilmike_arrival_rings, layout_basic,
          dreamdust_ecumenical_altar_statues
D:2:      layout_basic, amethyst_killhole, uniq_natasha
D:3:      layout_basic
D:4:      layout_loops_ring, minivault_23
D:5:      layout_cave_pools, minmay_temple_entry_slanted, ebering_ghost_sewer_d
Temple:   nicolae_temple_the_god_donut

Skill      XL: |  1  2  3  4  5 |
---------------+----------------+-----
Polearms       | 3 4 |  4.8
Dodging        | 4 |  4.3
Fighting       | 4 |  4.1
Shields        | |  3.9

Action                   |  1- 3 |  4- 6 || total
-------------------------+-------+-------++-------
Melee: Trident           |    41 |    65 ||   106
       Tentacles         |     5 |    12 ||    17
       Constrict         |     5 |    12 ||    17
  Use: Scroll            |       |     7 ||     7
       Potion            |       |     4 ||     4
 Stab: Sleeping          |    12 |     5 ||    17
Armor: Skin              |     3 |     4 ||     7
Dodge: Dodged            |    10 |    38 ||    48
Block: Kite shield       |     5 |    28 ||    33
